 Dungeon Crawl Stone Soup version 0.30.0-19-gbf45117a57 (webtiles) character file.

Game seed: 16297717925821889514

232302 qw the Tortoise (level 19, 0/128 HPs)
             Began as a Gargoyle Fighter on May 24, 2023.
             Was an Elder of Okawaru.
             Slain by a crystal guardian (12 damage)
             ... led by a peacekeeper
             ... on level 1 of the Vaults on May 25, 2023.
             The game lasted 00:21:41 (31359 turns).

qw the Tortoise (Gargoyle Fighter)                 Turns: 31359, Time: 00:21:41

Health: 0/128      AC: 60    Str: 34    XL:     19   Next: 53%
Magic:  23/23      EV: 17    Int:  9    God:    Okawaru [****..]
Gold:   1030       SH: 15    Dex: 14    Spells: 18/18 levels left

rFire   . . .        m - +1 war axe (vamp)
rCold   + . .        n - +0 kite shield
rNeg    + . .        h - +6 crystal plate armour
rPois   inf          (helmet restricted)
rElec   +            H - +2 cloak of Gozag's Supremacy {Will- Str+6}
rCorr   +            z - +1 pair of gloves of Pathos {Contam rElec Dex+3}
SInv    .            b - +1 pair of boots of the Postmodern Planets {Rampage rPois rC+ Dex+2}
Will    .....        r - amulet of Vitality {RegenMP++ Regen++} Stlth
                     p - ring "Poefapny" {rCorr Slay+4}
HPRegen 2.81/turn    x - +5 ring of evasion
MPRegen 0.98/turn

%: clarity, rampage
@: about to teleport, heroic, flying
A: sickness immunity, AC +14, big wings, negative energy resistance 1,
electricity resistance, torment resistance 1, petrification resistance, horns 1,
clarity, deterioration 1, low MP 1, regeneration 1, screaming 1, devolution 1
}: 1/15 runes: barnacled
a: Renounce Religion, Heroism, Finesse


You were on level 1 of the Vaults.
You worshipped Okawaru.
Okawaru was greatly pleased with you.
You visited 6 branches of the dungeon, and saw 30 of its levels.
You visited the Abyss 2 times.
You also visited: Gauntlet.

You collected 3462 gold pieces.
You spent 2432 gold pieces at shops.


Innate Abilities, Weirdness & Mutations

You are immune to sickness and miasma.
Your stone body is resilient. (AC +14)
You are immune to poison.
Your large and strong wings let you fly.
You resist negative energy. (rN+)
You are resistant to electric shocks. (rElec)
You are resistant to unholy torment.
You are immune to petrification.
You have a pair of small horns on your head.
You possess an exceptional clarity of mind.
Your body sometimes deteriorates upon taking damage.
Your magical capacity is low. (-10% MP)
Your natural rate of healing is unusually fast.
You occasionally shout uncontrollably at your foes.
You have hidden genetic defects.


   Skills:
 - Level 17.0(22.0) Fighting
 - Level 16.0(21.0) Axes
 + Level 8.6(13.6) Throwing
 - Level 19.4(24.4) Armour
 - Level 6.0(11.0) Dodging
 - Level 15.2(20.2) Shields
 - Level 10.0 Invocations


You had 18 spell levels left.
You didn't know any spells.
Your spell library was empty.

Inventory:

Hand Weapons
 g - a +0 broad axe
 m - a +1 vampiric war axe (weapon)
Missiles
 e - 8 silver boomerangs
 f - 56 boomerangs
 A - 6 javelins
 I - a boomerang of dispersal
 J - 10 silver javelins (quivered)
Armour
 b - the +1 pair of boots of the Postmodern Planets (worn) {Rampage rPois rC+ Dex+2}
   (Okawaru gifted it to you on level 13 of the Dungeon)

   Dex:       It affects your dexterity (+2).
   rC:        It protects you from cold.
   rPois:     It protects you from poison.
   Rampage:   It bestows one free step when moving towards enemies.
 c - the +3 ring mail of Life {rCorr}
   (You found it on level 5 of the Lair of Beasts)

   rCorr:     It protects you from acid and corrosion.
 h - a +6 crystal plate armour (worn)
 l - a +1 kite shield of protection
 n - a +0 kite shield (worn)
 z - the +1 pair of gloves of Pathos (worn) {Contam rElec Dex+3}
   (You found it in a Gauntlet)

   Dex:       It affects your dexterity (+3).
   rElec:     It insulates you from electricity.
   Contam:    It causes magical contamination when unequipped.
 B - the +0 hat of Liberalism {Harm rF+ Int+3}
   (You acquired it on level 5 of the Lair of Beasts)

   Int:       It affects your intelligence (+3).
   rF:        It protects you from fire.
   Harm:      It increases damage dealt and taken.
 H - the +2 cloak of Gozag's Supremacy (worn) {Will- Str+6}
   (You found it on level 1 of the Orcish Mines)

   Str:       It affects your strength (+6).
   Will:      It decreases your willpower.
Jewellery
 i - a ring of fire
 o - a ring of protection from fire
 p - the ring "Poefapny" (left hand) {rCorr Slay+4}
   (You found it in a Gauntlet)

   [ring of slaying]

   Slay:      It affects your accuracy & damage with ranged weapons and melee
   (+4).
   rCorr:     It protects you from acid and corrosion.
 r - the amulet of Vitality (around neck) {RegenMP++ Regen++}
   (You took it off a minotaur in a Gauntlet)

   [amulet of magic regeneration]

   It increases your rate of magic regeneration.
   Regen:     It increases your rate of health regeneration.
 x - a +5 ring of evasion (right hand)
 y - a ring of protection from cold
 D - a ring of protection from cold
 G - a ring of resist corrosion
Wands
 C - a wand of digging (22)
Scrolls
 j - 4 scrolls of teleportation
 k - 7 scrolls of identify
Potions
 a - 2 potions of lignification
 d - 9 potions of might
 q - 3 potions of magic
 t - 2 potions of resistance
 u - 2 potions of attraction
 v - 3 potions of mutation
 w - 7 potions of cancellation
 E - 3 potions of haste
 F - 4 potions of curing

Dungeon Overview and Level Annotations

Branches:
Dungeon (15/15)            Temple (0/1) D:5            Lair (5/5) D:9
 Shoals (4/4) Lair:3       Spider (3/4) Lair:3        Slime (0/5) Lair:5
    Orc (2/2) D:12            Elf (0/3) Orc:2        Vaults (1/5) D:13
 Depths (0/4) D:15        Gauntlet (visited)

Altars:
Ashenzari
Dithmenos
Gozag
Hepliaklqana
Kikubaaqudgha
Okawaru
Ru
Uskayaw
Vehumet
Wu Jian
Xom
Yredelemnul
Zin
Jiyva

Shops:
D:1 :   D:4 *   D:12 *   D:13 [   Orc:2 =*[(   Shoals:2 (

Portals:
Trove: D:15 (lose all piety)

Annotations:
D:6 1 runed translucent door, Crazy Yiuf
Lair:3 1 runed translucent door, Loywebes's ghost, journeyman MiFi
Lair:5 1 runed translucent door
Orc:2 3 runed translucent doors, qw's ghost, adept GrFi


Message History

The crystal guardian fires a crystalline bolt at you.
The crystal bolt burns you!!!
A centaur warrior comes into view.
The centaur warrior wields a +0 shortbow.
The centaur warrior shoots an arrow.
The arrow hits you!
The peacekeeper moves out of view.
The centaur warrior shouts!
You hear a shout! x4
31357 ||| INVOKING Heroism.
You gain the combat prowess of a mighty hero.
The centaur warrior wields a +2 shortbow of draining.
You sense an unholy aura.
The centaur warrior shoots an arrow.
The arrow hits you but does no damage.
The crystal guardian fires a crystalline bolt at you.
The crystal bolt freezes you!! You resist.
The centaur warrior shoots an arrow.
The arrow misses you.
You are too injured to fight recklessly!
A crystal guardian, a centaur warrior and 2 deep trolls come into view.
The centaur warrior shouts!
The deep troll shouts!
You hear a shout!
A centaur warrior comes into view.
The crystal guardian fires a crystalline bolt at you.
The crystal bolt freezes you!! You resist.
A vault sentinel comes into view. It is wielding a +0 war axe.
A deep troll comes into view.
The crystal guardian fires a crystalline bolt at you.
The crystal bolt freezes the crystal guardian.
The crystal guardian completely resists.
The crystal bolt freezes you! You resist. The crystal bolt misses you.
The centaur warrior shoots an arrow.
The arrow hits you but does no damage.
The centaur warrior moves out of view.
There is an open door here.
31359 ||| READING 5 scrolls of teleportation.
As you read the scroll of teleportation, it crumbles to dust.
You feel strangely unstable.
The centaur warrior shouts!
The centaur warrior wields a +0 shortbow.
The centaur warrior shoots an arrow.
You block the arrow.
The centaur warrior shoots an arrow.
The arrow hits you!
The centaur warrior shoots an arrow.
You block the arrow. The crystal guardian hits you!
You die...

#......#
#......#
#......#
#......#
#......#
#......#
#......#
#......#
###@####
#....99.T...
#....#9#TT..
#c...### .p
#cc..#
#.###. #c .
#c .


You could see 2 crystal guardians, 5 centaur warriors, 3 deep trolls, a vault
sentinel and a peacekeeper.

Vanquished Creatures
  A bone dragon (Abyss:3)
  Asterion (Vaults:1)
  Mlioglotl (Shoals:1)
  2 krakens (Shoals:4)
  Frances (D:13)
  4 tentacled starspawn (Abyss:3)
  Kirke (D:15)
  Ilsuiw (Shoals:4)
  Roxanne (Shoals:3)
  A balrug (Abyss:3)
  2 ghost moths (Spider:3)
  3 emperor scorpions
  3 orc warlords
  4 starflowers (Abyss:3)
  3 very ugly things (Abyss:3)
  A deep elf demonologist (Abyss:3)
  A green draconian (Abyss:3)
  A minotaur (Gauntlet)
  Snorg (D:11)
  Josephine (D:12)
  9 merfolk javelineers
  2 green deaths (Abyss:3)
  3 entropy weavers
  7 merfolk impalers
  A fire dragon (D:15)
  A rakshasa (Abyss:3)
  7 hydras
  9 vault guards
  A jorogumo (Spider:1)
  5 catoblepae
  Erolcha (D:13)
  7 centaur warriors
  2 ghost crabs (Spider:3)
  An anaconda (Lair:5)
  2 merfolk avatars
  2 merfolk aquamancers
  2 satyrs
  4 boulder beetles
  Erica (Orc:1)
  3 two-headed ogres
  A tengu warrior (D:15)
  6 death yaks (Lair:5)
  2 hell hogs (Abyss:3)
  4 orc high priests
  3 thrashing horrors (Abyss:3)
  5 wretched stars (Abyss:3)
  4 skeletal warriors (D:13)
  A spatial maelstrom (Abyss:3)
  7 skysharks
  4 sun demons (Abyss:3)
  A sun moth (Spider:3)
  2 pharaoh ants
  8 sea snakes
  9 orb spiders
  2 glowing orange brains
  A wizard (D:15)
  Pikel (D:7)
  2 steelbarb worms (Spider:3)
  8 orc knights
  19 harpies
  3 ironbound convokers (Vaults:1)
  A deep elf zephyrmancer (D:15)
  3 deep elf pyromancers (D:14)
  A necromancer (D:15)
  5 cyclopes
  9 orc sorcerers
  10 wolf spiders
  8 ugly things
  An oklob plant (Lair:3)
  14 fauns
  2 worldbinders (Abyss:3)
  20 manticores
  2 centaur zombies
  2 black mambas
  A salamander (shapeshifter) (D:13)
  9 merfolk sirens
  A rust devil (Gauntlet)
  Maurice (D:8)
  2 vault sentinels (Vaults:1)
  20 elephants
  2 demonic crawlers (Spider:2)
  An eye of devastation (Gauntlet)
  4 smoke demons (Abyss:3)
  2 naga magi (D:15)
  A centaur skeleton (D:15)
  9 water nymphs
  2 gargoyles
  5 torpor snails
  11 cane toads
  A hellion (Abyss:3)
  An efreet (Abyss:3)
  2 unseen horrors
  A tengu conjurer (D:13)
  8 komodo dragons
  2 kobold demonologists (D:12)
  3 ancient zymes (Abyss:3)
  3 rime drakes
  34 merfolk
  11 trolls
  A hellwing (Abyss:3)
  A meliai (Abyss:3)
  3 polar bears
  3 tyrant leeches (Spider:3)
  8 wind drakes
  22 blink frogs
  18 tarantellas
  8 raiju (Abyss:3)
  5 dream sheep
  Grinder (D:4)
  A centaur simulacrum (D:15)
  15 jumping spiders
  14 snapping turtles
  3 flying skulls (Abyss:3)
  8 wraiths
  2 shadows
  8 culicivoras
  Eustachio (D:5)
  2 vampires
  37 yaks
  8 water elementals
  2 wyverns
  5 basilisks
  A yak (shapeshifter) (Abyss:3)
  5 neqoxecs (Abyss:3)
  3 ynoxinuls
  6 hogs (D:15)
  12 large abominations
  6 starcursed masses (Abyss:3)
  4 humans
  3 wargs (Orc:1)
  3 swamp worms (Lair:3)
  28 redbacks
  Edmund (D:5)
  3 spatial vortices (Abyss:3)
  20 vampire mosquitoes
  2 chaos spawn (Abyss:3)
  Menkaure (D:7)
  11 water moccasins
  A floating eye (Gauntlet)
  An ice beast (Abyss:3)
  55 orc warriors
  2 black bears (D:5)
  A hornet zombie (D:15)
  A sky beast (D:6)
  3 wolves (Lair:3)
  12 ogres
  4 centaurs
  2 phantoms
  2 lemures (D:7)
  2 kobold brigands
  12 bullfrogs
  A gnoll sergeant (D:9)
  3 scorpions
  13 small abominations
  7 wights
  6 killer bees (D:9)
  6 howler monkeys
  5 electric eels
  A jelly (D:5)
  29 orc priests
  A gnoll bouda (D:9)
  6 iguanas
  4 iron imps
  2 sleepcaps (D:6)
  Jessica (D:2)
  37 orc wizards
  A howler monkey zombie (D:10)
  9 gnolls (D:9)
  10 adders
  A river rat (D:5)
  A shadow imp (D:5)
  2 ufetubi (Abyss:3)
  3 worms (D:5)
  2 dart slugs
  109 orcs
  9 ball pythons
  4 bats
  5 endoplasms
  2 giant cockroaches
  8 goblins
  8 hobgoblins
  6 jackals
  9 kobolds
  10 quokkas
  4 frilled lizards
  2 rats (D:1)
  A spectral weapon (Vaults:1)
  3 starspawn tentacles (Abyss:3)
  6 tentacles (Shoals:4)
1132 creatures vanquished.

Vanquished Creatures (others)
  A cyclops (Shoals:4)
  A torpor snail (Spider:3)
  An unseen horror (Abyss:3)
  A human (D:13)
  An orc warrior (Orc:1)
  An orc (Orc:1)
  8 starspawn tentacles (Abyss:3)
  20 tentacles (Shoals:4)
34 creatures vanquished.

Grand Total: 1166 creatures vanquished

Notes
Turn   | Place    | Note
-------+----------+-------------------------------------------
     0 | D:1      | qw the Gargoyle Fighter began the quest for the Orb.
     0 | D:1      | Reached XP level 1. HP: 14/14 MP: 1/1
     0 | D:1      | 0 ||| qw: Version: 0.2-a-98-g5d7165a
     0 | D:1      | 0 ||| qw: Game counter: 61
     0 | D:1      | 0 ||| qw: Always use a shield: true
     0 | D:1      | 0 ||| qw: God list: Okawaru
     0 | D:1      | 0 ||| qw: Allow faded altars: false
     0 | D:1      | 0 ||| qw: Do Orc after D:15 true
     0 | D:1      | 0 ||| qw: Do second Lair branch before Depths: true
     0 | D:1      | 0 ||| qw: Lair rune preference: random
     0 | D:1      | 0 ||| qw: Plans: Normal, Zot:1-4, God:TSO, Crypt, Tomb,
                  | Pan, Slime:5, Hells, Abyss, Win
     0 | D:1      | 0 ||| PLANNING D:1-11
   117 | D:1      | 117 ||| DROPPING +0 whip.
   167 | D:1      | Reached XP level 2. HP: 19/19 MP: 2/2
   269 | D:1      | 269 ||| Stepping ~*~*~tactically~*~*~ (stealth).
   270 | D:1      | 270 ||| Stepping ~*~*~tactically~*~*~ (stealth).
   466 | D:1      | Reached skill level 3 in Axes
   554 | D:1      | Reached XP level 3. HP: 23/23 MP: 3/3
   761 | D:1      | Found Yrankya's Book Shop.
   898 | D:1      | 898 ||| READING scroll labelled TOD QOCUCAQIE.
   899 | D:1      | 899 ||| READING scroll labelled ONIEGU OSHRO.
  1138 | D:2      | Noticed Jessica
  1141 | D:2      | Killed Jessica
  1142 | D:2      | Reached XP level 4. HP: 28/28 MP: 4/4
  1611 | D:2      | 1611 ||| UPGRADING to +0 pair of boots.
  1616 | D:2      | 1616 ||| UPGRADING to +0 chain mail.
  1626 | D:2      | 1626 ||| DROPPING +0 scale mail.
  1627 | D:2      | 1627 ||| UPGRADING to +0 pair of gloves.
  1632 | D:2      | 1632 ||| UPGRADING to ring of willpower.
  1633 | D:2      | 1633 ||| READING scroll labelled ETUQABB SIAQEY.
  1634 | D:2      | 1634 ||| READING 2 scrolls labelled WEURUD XEQICK.
  1635 | D:2      | 1635 ||| READING scroll of enchant weapon.
  1635 | D:2      | 1635 ||| ENCHANTING +1 war axe.
  1636 | D:2      | 1636 ||| DRINKING 3 orange potions.
  1637 | D:2      | 1637 ||| DROPPING 2 potions of invisibility.
  1713 | D:3      | Found an iron altar of Okawaru.
  1714 | D:3      | 1714 ||| PLANNING OKAWARU WORSHIP
  1723 | D:3      | Became a worshipper of Warmaster Okawaru
  1723 | D:3      | 1723 ||| PLANNING D:1-11
  1766 | D:3      | 1766 ||| Stepping ~*~*~tactically~*~*~ (hiding).
  1813 | D:3      | 1813 ||| Stepping ~*~*~tactically~*~*~ (stealth).
  1866 | D:3      | Reached XP level 5. HP: 32/32 MP: 5/5
  1867 | D:3      | 1867 ||| Stepping ~*~*~tactically~*~*~ (stealth).
  1869 | D:3      | 1869 ||| Stepping ~*~*~tactically~*~*~ (stealth).
  1936 | D:3      | Identified the +5 rapier "Sopn" {antimagic, Str+2}
  2010 | D:3      | Found a radiant altar of Vehumet.
  2016 | D:3      | 2016 ||| Stepping ~*~*~tactically~*~*~ (stealth).
  2191 | D:3      | 2191 ||| UPGRADING to +0 plate armour.
  2203 | D:3      | 2203 ||| DROPPING +0 chain mail.
  2208 | D:3      | 2208 ||| DROPPING ring of wizardry.
  2209 | D:3      | Found a shimmering altar of Xom.
  2491 | D:4      | 2491 ||| Stepping ~*~*~tactically~*~*~ (stealth).
  2493 | D:4      | 2493 ||| Stepping ~*~*~tactically~*~*~ (stealth).
  2554 | D:4      | 2554 ||| Stepping ~*~*~tactically~*~*~ (stealth).
  2556 | D:4      | 2556 ||| Stepping ~*~*~tactically~*~*~ (stealth).
  2606 | D:4      | 2606 ||| DROPPING +1 whip of flaming.
  2667 | D:4      | 2667 ||| Stepping ~*~*~tactically~*~*~ (hiding).
  2784 | D:4      | Found Onasm's Assorted Antiques.
  2792 | D:4      | 2792 ||| SHOPLISTING +3 crown of Dyrovepreva {rElec Int+2
                  | SInv} (786 gold, have 234).
  2792 | D:4      | 2792 ||| BUYING clear potion (17 gold).
  2792 | D:4      | Bought a clear potion for 17 gold pieces
  2792 | D:4      | 2792 ||| BUYING clear potion (17 gold).
  2792 | D:4      | Bought a clear potion for 17 gold pieces
  2792 | D:4      | 2792 ||| BUYING copper ring (95 gold).
  2792 | D:4      | Bought a copper ring for 95 gold pieces
  2792 | D:4      | 2792 ||| BUYING scroll of teleportation (57 gold).
  2792 | D:4      | Bought a scroll of teleportation for 57 gold pieces
  2811 | D:4      | Noticed a phantom
  2817 | D:4      | Killed a phantom
  2818 | D:4      | Reached XP level 6. HP: 33/39 MP: 6/6
  3017 | D:4      | Noticed Grinder
  3026 | D:4      | HP: 7/39 [Grinder/bolt of light (13)]
  3026 | D:4      | HP: 3/39 [Grinder/nerve-wracking pain (4)]
  3027 | D:4      | 3027 ||| READING 2 scrolls of teleportation.
  3250 | D:4      | Paralysed by Grinder for 2 turns
  3251 | D:4      | HP: 7/39 [Grinder/bolt of light (11)]
  3253 | D:4      | 3253 ||| READING scroll of teleportation.
  3457 | D:4      | Killed Grinder
  3458 | D:4      | Reached skill level 6 in Axes
  3458 | D:4      | Reached XP level 7. HP: 18/44 MP: 7/7
  3590 | D:4      | 3590 ||| UPGRADING to ring of positive energy.
  3591 | D:4      | 3591 ||| UPGRADING to ring of protection from cold.
  3593 | D:4      | 3593 ||| UPGRADING to ring of willpower.
  3595 | D:4      | 3595 ||| READING scroll labelled KOKOQETEIS.
  3596 | D:4      | 3596 ||| READING scroll labelled SAVVEU YNNIRUE.
  3597 | D:4      | 3597 ||| DRINKING 2 clear potions.
  3633 | D:5      | Entered Level 5 of the Dungeon
  3634 | D:5      | 3634 ||| PLANNING SEWER
  3642 | D:5      | 3642 ||| STAIRDANCE
  3768 | D:5      | Noticed Eustachio
  3792 | D:5      | Killed Eustachio
  3793 | D:5      | Reached skill level 5 in Armour
  3846 | D:5      | Found a staircase to the Ecumenical Temple.
  3848 | D:5      | 3848 ||| Stepping ~*~*~tactically~*~*~ (hiding).
  3849 | D:5      | 3849 ||| Stepping ~*~*~tactically~*~*~ (hiding).
  3977 | D:5      | 3977 ||| Stepping ~*~*~tactically~*~*~ (stealth).
  3982 | D:5      | Reached * piety under Okawaru
  3983 | D:5      | Reached XP level 8. HP: 46/48 MP: 8/8
  3983 | D:5      | 3983 ||| INVOKING Heroism.
  3990 | D:5      | Reached skill level 1 in Invocations
  4034 | D:5      | 4034 ||| INVOKING Heroism.
  4309 | D:5      | 4309 ||| RIP SEWER
  4325 | D:5      | 4325 ||| PLANNING D:1-11
  4325 | D:5      | 4325 ||| Stepping ~*~*~tactically~*~*~ (hiding).
  4327 | D:5      | 4327 ||| INVOKING Heroism.
  4346 | D:5      | Noticed Edmund
  4347 | D:5      | 4347 ||| Stepping ~*~*~tactically~*~*~ (stealth).
  4440 | D:5      | HP: 9/48 [Edmund/+2 heavy dire flail (17)]
  4441 | D:5      | 4441 ||| DRINKING 2 potions of heal wounds.
  4443 | D:5      | Killed Edmund
  4717 | D:5      | 4717 ||| READING scroll labelled ZUNEUZIANG.
  4807 | D:6      | Reached skill level 1 in Dodging
  4810 | D:6      | Reached skill level 1 in Throwing
  4812 | D:6      | 4812 ||| INVOKING Heroism.
  4922 | D:6      | 4922 ||| Stepping ~*~*~tactically~*~*~ (stealth).
  4950 | D:6      | 4950 ||| INVOKING Heroism.
  5111 | D:6      | Reached XP level 9. HP: 40/55 MP: 10/10
  5193 | D:6      | Reached skill level 6 in Fighting
  5204 | D:6      | 5204 ||| Stepping ~*~*~tactically~*~*~ (stealth).
  5213 | D:6      | Reached skill level 3 in Invocations
  5246 | D:6      | 5246 ||| Stepping ~*~*~tactically~*~*~ (stealth).
  5417 | D:6      | 5417 ||| Stepping ~*~*~tactically~*~*~ (hiding).
  5420 | D:6      | 5420 ||| Stepping ~*~*~tactically~*~*~ (hiding).
  5426 | D:6      | 5426 ||| PLANNING D:1-11
  5465 | D:6      | 5465 ||| Stepping ~*~*~tactically~*~*~ (stealth).
  5467 | D:6      | 5467 ||| INVOKING Heroism.
  5561 | D:6      | Found a runed translucent door.
  5562 | D:6      | Noticed Crazy Yiuf
  5731 | D:6      | 5731 ||| UPGRADING to +0 helmet.
  5736 | D:6      | 5736 ||| READING scroll labelled ICEDOH UCZUTT.
  5737 | D:6      | 5737 ||| READING scroll labelled DIELIKHYITS.
  5738 | D:6      | 5738 ||| DRINKING 2 fizzy golden potions.
  5739 | D:6      | 5739 ||| DRINKING 2 viscous cyan potions.
  5740 | D:6      | 5740 ||| READING 3 scrolls of identify.
  5740 | D:6      | 5740 ||| IDENTIFYING murky pink potion
  5741 | D:6      | 5741 ||| READING 2 scrolls of identify.
  5741 | D:6      | 5741 ||| IDENTIFYING viscous yellow potion
  5742 | D:6      | 5742 ||| DROPPING potion of brilliance.
  5743 | D:6      | 5743 ||| DROPPING potion of degeneration.
  5744 | D:6      | 5744 ||| DROPPING potion of flight.
  5885 | D:7      | 5885 ||| Stepping ~*~*~tactically~*~*~ (hiding).
  5890 | D:7      | 5890 ||| INVOKING Heroism.
  5911 | D:7      | Reached skill level 9 in Axes
  6155 | D:7      | Reached skill level 6 in Armour
  6229 | D:7      | 6229 ||| INVOKING Heroism.
  6236 | D:7      | 6236 ||| Stepping ~*~*~tactically~*~*~ (stealth).
  6238 | D:7      | 6238 ||| Stepping ~*~*~tactically~*~*~ (stealth).
  6252 | D:7      | 6252 ||| Stepping ~*~*~tactically~*~*~ (stealth).
  6254 | D:7      | Noticed Pikel
  6256 | D:7      | 6256 ||| Stepping ~*~*~tactically~*~*~ (hiding).
  6258 | D:7      | 6258 ||| Stepping ~*~*~tactically~*~*~ (hiding).
  6261 | D:7      | 6261 ||| INVOKING Heroism.
  6268 | D:7      | Killed Pikel
  6543 | D:7      | Noticed Menkaure
  6544 | D:7      | 6544 ||| INVOKING Heroism.
  6549 | D:7      | Killed Menkaure
  6822 | D:7      | 6822 ||| DROPPING ring of flight.
  6823 | D:7      | 6823 ||| READING 2 scrolls of identify.
  6823 | D:7      | 6823 ||| IDENTIFYING fuming pink potion
  6866 | D:8      | Reached XP level 10. HP: 64/64 MP: 13/13
  6924 | D:8      | 6924 ||| Stepping ~*~*~tactically~*~*~ (stealth).
  6925 | D:8      | Noticed Maurice
  6926 | D:8      | 6926 ||| Stepping ~*~*~tactically~*~*~ (hiding).
  6932 | D:8      | 6932 ||| DRINKING potion of curing.
  6932 | D:8      | 6932 ||| (to cure confusion)
  6943 | D:8      | Killed Maurice
  6943 | D:8      | Reached ** piety under Okawaru
  7086 | D:8      | Found an opulent altar of Gozag.
  7529 | D:8      | Found a hide-covered altar of Uskayaw.
  7538 | D:8      | 7538 ||| UPGRADING to +0 cloak.
  7543 | D:8      | 7543 ||| UPGRADING to +6 ring of strength.
  7545 | D:8      | 7545 ||| UPGRADING to ring of protection from cold.
  7547 | D:8      | 7547 ||| DRINKING 2 fuming ruby potions.
  7547 | D:8      | Gained mutation: Your spells are a little harder to cast,
                  | but a little more powerful. [potion of mutation]
  7547 | D:8      | Gained mutation: You have sharp toenails. [potion of
                  | mutation]
  7547 | D:8      | Gained mutation: You are agile. (Dex +4, Str/Int -1)
                  | [potion of mutation]
  7653 | D:9      | 7653 ||| INVOKING Heroism.
  7735 | D:9      | 7735 ||| INVOKING Heroism.
  7810 | D:9      | 7810 ||| INVOKING Heroism.
  7931 | D:9      | Reached skill level 7 in Armour
  7996 | D:9      | Found a staircase to the Lair.
  8130 | D:9      | 8130 ||| INVOKING Heroism.
  8282 | D:9      | Found an ancient bone altar of Kikubaaqudgha.
  8295 | D:9      | Found a broken altar of Ashenzari.
  8399 | D:9      | Found a shadowy altar of Dithmenos.
  8404 | D:9      | 8404 ||| PLANNING LAIR
  8404 | D:9      | 8404 ||| DROPPING amulet of magic regeneration.
  8405 | D:9      | 8405 ||| READING scroll labelled TATZIN VITTAD.
  8406 | D:9      | 8406 ||| READING 2 scrolls of identify.
  8406 | D:9      | 8406 ||| IDENTIFYING smoky purple potion
  8485 | Lair:1   | Entered Level 1 of the Lair of Beasts
  8486 | Lair:1   | 8486 ||| INVOKING Heroism.
  8507 | Lair:1   | 8507 ||| STAIRDANCE
  8551 | Lair:1   | 8551 ||| INVOKING Heroism.
  8599 | Lair:1   | 8599 ||| INVOKING Heroism.
  8608 | Lair:1   | Reached skill level 3 in Throwing
  8673 | Lair:1   | Noticed a cane toad
  8674 | Lair:1   | 8674 ||| INVOKING Heroism.
  8686 | Lair:1   | Killed a cane toad
  8695 | Lair:1   | 8695 ||| Stepping ~*~*~tactically~*~*~ (stealth).
  8697 | Lair:1   | 8697 ||| Stepping ~*~*~tactically~*~*~ (stealth).
  8700 | Lair:1   | 8700 ||| INVOKING Heroism.
  8712 | Lair:1   | Reached skill level 8 in Armour
  8715 | Lair:1   | Reached XP level 11. HP: 52/68 MP: 12/14
  8800 | Lair:1   | 8800 ||| Stepping ~*~*~tactically~*~*~ (stealth).
  8802 | Lair:1   | 8802 ||| INVOKING Heroism.
  8804 | Lair:1   | 8804 ||| Stepping ~*~*~tactically~*~*~ (stealth).
  8822 | Lair:1   | 8822 ||| Stepping ~*~*~tactically~*~*~ (stealth).
  8827 | Lair:1   | 8827 ||| Stepping ~*~*~tactically~*~*~ (stealth).
  8846 | Lair:1   | 8846 ||| INVOKING Heroism.
  8948 | Lair:1   | 8948 ||| INVOKING Heroism.
  8962 | Lair:1   | Reached skill level 9 in Fighting
  9145 | Lair:1   | Reached *** piety under Okawaru
  9183 | Lair:1   | 9183 ||| INVOKING Heroism.
  9206 | Lair:1   | Reached skill level 9 in Armour
  9540 | Lair:1   | 9540 ||| DRINKING 2 bubbling grey potions.
  9541 | Lair:1   | 9541 ||| READING 2 scrolls of identify.
  9541 | Lair:1   | 9541 ||| IDENTIFYING puce potion
  9542 | Lair:1   | 9542 ||| DROPPING potion of ambrosia.
  9605 | Lair:2   | 9605 ||| INVOKING Heroism.
  9627 | Lair:2   | Noticed a skyshark
  9637 | Lair:2   | Killed a skyshark
  9695 | Lair:2   | Reached **** piety under Okawaru
  9735 | Lair:2   | Reached skill level 12 in Axes
  9899 | Lair:2   | 9899 ||| Stepping ~*~*~tactically~*~*~ (stealth).
  9913 | Lair:2   | Received a gift from Okawaru
  9915 | Lair:2   | Reached skill level 6 in Shields
  9919 | Lair:2   | Reached XP level 12. HP: 76/76 MP: 14/16
  9952 | Lair:2   | 9952 ||| INVOKING Heroism.
  9952 | Lair:2   | Noticed a skyshark
  9953 | Lair:2   | 9953 ||| Stepping ~*~*~tactically~*~*~ (stealth).
  9956 | Lair:2   | 9956 ||| Stepping ~*~*~tactically~*~*~ (stealth).
 10119 | Lair:2   | Killed a skyshark
 10119 | Lair:2   | Reached ***** piety under Okawaru
 10120 | Lair:2   | Reached skill level 3 in Dodging
 10120 | Lair:2   | Reached skill level 6 in Invocations
 10392 | Lair:2   | 10392 ||| READING 2 scrolls labelled NUDURHEO BODU.
 10493 | Lair:2   | 10493 ||| READING 2 scrolls of identify.
 10493 | Lair:2   | 10493 ||| IDENTIFYING metallic puce potion
 10494 | Lair:2   | 10494 ||| DRINKING potion of experience.
 10494 | Lair:2   | Reached skill level 9 in Invocations
 10494 | Lair:2   | Reached XP level 13. HP: 84/84 MP: 16/19
 10513 | Lair:2   | 10513 ||| DROPPING scroll of silence.
 10538 | Lair:3   | 10538 ||| PLANNING GAUNTLET
 10638 | Lair:3   | Found a gate leading to a gauntlet.
 10647 | Gauntlet | Entered a Gauntlet
 10647 | Gauntlet | Found a transporter.
 10659 | Gauntlet | Found a transporter.
 10671 | Gauntlet | Found a transporter.
 10676 | Gauntlet | Found a transporter.
 10693 | Gauntlet | Found a transporter.
 10710 | Gauntlet | Found a transporter.
 10722 | Gauntlet | Found a transporter.
 10734 | Gauntlet | Found a transporter.
 10740 | Gauntlet | Found a transporter.
 10742 | Gauntlet | Found a transporter.
 10759 | Gauntlet | Found a transporter.
 10771 | Gauntlet | Found a transporter.
 10773 | Gauntlet | Noticed a reaper
 10788 | Gauntlet | Found a transporter.
 10805 | Gauntlet | Found a transporter.
 10807 | Gauntlet | Found a transporter.
 10832 | Gauntlet | Found a transporter.
 10834 | Gauntlet | Found a transporter.
 10854 | Gauntlet | Found a transporter.
 11153 | Gauntlet | 11153 ||| Stepping ~*~*~tactically~*~*~ (hiding).
 11164 | Gauntlet | 11164 ||| Stepping ~*~*~tactically~*~*~ (hiding).
 11171 | Gauntlet | 11171 ||| INVOKING Heroism.
 11281 | Gauntlet | 11281 ||| READING scroll labelled GIHYEQ GUALAI.
 11305 | Gauntlet | 11305 ||| INVOKING Heroism.
 11450 | Gauntlet | Identified the staff of air "Dennel" {rElec rC++ rN+ Str-5}
 11451 | Gauntlet | Identified the ring "Poefapny" {rCorr Slay+4}
 11461 | Gauntlet | 11461 ||| DROPPING ring of positive energy.
 11462 | Gauntlet | 11462 ||| UPGRADING to ring "Poefapny" {rCorr Slay+4}.
 11464 | Gauntlet | 11464 ||| DROPPING ring of willpower.
 11465 | Gauntlet | 11465 ||| UPGRADING to +6 ring of strength.
 11502 | Gauntlet | Noticed a minotaur
 11503 | Gauntlet | 11503 ||| INVOKING Heroism.
 11511 | Gauntlet | Killed a minotaur
 11619 | Gauntlet | Identified the +1 pair of gloves of Pathos {Contam rElec
                  | Dex+3}
 11649 | Gauntlet | 11649 ||| UPGRADING to +2 crystal plate armour.
 11659 | Gauntlet | 11659 ||| DROPPING +0 plate armour.
 11660 | Gauntlet | 11660 ||| UPGRADING to +1 pair of gloves of Pathos {Contam
                  | rElec Dex+3}.
 11670 | Gauntlet | 11670 ||| DROPPING +0 pair of gloves.
 11671 | Gauntlet | 11671 ||| UPGRADING to amulet of Vitality {RegenMP++
                  | Regen++}.
 11676 | Gauntlet | 11676 ||| READING scroll labelled EDUILY WETWUON.
 11677 | Gauntlet | 11677 ||| READING 2 scrolls of identify.
 11677 | Gauntlet | 11677 ||| IDENTIFYING bubbling inky potion
 11690 | Lair:3   | 11690 ||| PLANNING LAIR
 11712 | Lair:3   | 11712 ||| Stepping ~*~*~tactically~*~*~ (stealth).
 11727 | Lair:3   | 11727 ||| INVOKING Heroism.
 11812 | Lair:3   | Reached skill level 10 in Armour
 11813 | Lair:3   | 11813 ||| INVOKING Heroism.
 11865 | Lair:3   | 11865 ||| INVOKING Heroism.
 11868 | Lair:3   | 11868 ||| SWAPPING to +0 flail.
 11875 | Lair:3   | 11875 ||| SWAPPING to +2 war axe.
 11907 | Lair:3   | Found a staircase to the Shoals.
 11985 | Lair:3   | Found a hole to the Spider Nest.
 12016 | Lair:3   | Found a runed translucent door.
 12022 | Lair:3   | Noticed Loywebes's ghost (journeyman MiFi)
 12132 | Lair:3   | 12132 ||| INVOKING Heroism.
 12200 | Lair:3   | 12200 ||| INVOKING Heroism.
 12204 | Lair:3   | 12204 ||| SWAPPING to +0 flail.
 12209 | Lair:3   | Reached skill level 11 in Armour
 12213 | Lair:3   | 12213 ||| SWAPPING to +2 war axe.
 12266 | Lair:3   | 12266 ||| Stepping ~*~*~tactically~*~*~ (hiding).
 12269 | Lair:3   | 12269 ||| INVOKING Heroism.
 12443 | Lair:3   | 12443 ||| INVOKING Heroism.
 12732 | Lair:4   | 12732 ||| INVOKING Heroism.
 12745 | Lair:4   | Reached skill level 12 in Armour
 12974 | Lair:4   | 12974 ||| INVOKING Heroism.
 13033 | Lair:4   | 13033 ||| Stepping ~*~*~tactically~*~*~ (stealth).
 13039 | Lair:4   | 13039 ||| INVOKING Heroism.
 13135 | Lair:4   | 13135 ||| SWAPPING to +1 war axe of freezing.
 13136 | Lair:4   | 13136 ||| DROPPING +2 war axe.
 13458 | Lair:4   | 13458 ||| UPGRADING to +0 kite shield.
 13468 | Lair:4   | 13468 ||| DROPPING +0 buckler.
 13469 | Lair:4   | 13469 ||| READING scroll labelled UNGUOPH SEOTWE.
 13505 | Lair:5   | Entered Level 5 of the Lair of Beasts
 13506 | Lair:5   | 13506 ||| INVOKING Heroism.
 13530 | Lair:5   | Found a runed translucent door.
 13545 | Lair:5   | Identified the +3 ring mail of Life {rCorr}
 13554 | Lair:5   | Found a viscous altar of Jiyva.
 13561 | Lair:5   | Gained mutation: Your large and strong wings let you fly.
                  | [Gargoyle growth]
 13561 | Lair:5   | Reached XP level 14. HP: 90/90 MP: 21/21
 13624 | Lair:5   | 13624 ||| INVOKING Heroism.
 13628 | Lair:5   | 13628 ||| SWAPPING to +0 flail.
 13635 | Lair:5   | 13635 ||| SWAPPING to +1 war axe of freezing.
 13689 | Lair:5   | Reached skill level 9 in Shields
 13689 | Lair:5   | 13689 ||| Stepping ~*~*~tactically~*~*~ (stealth).
 13696 | Lair:5   | 13696 ||| INVOKING Heroism.
 13697 | Lair:5   | 13697 ||| INVOKING Finesse.
 13708 | Lair:5   | 13708 ||| SWAPPING to +0 flail.
 13727 | Lair:5   | 13727 ||| SWAPPING to +1 war axe of freezing.
 13874 | Lair:5   | 13874 ||| INVOKING Heroism.
 13875 | Lair:5   | 13875 ||| INVOKING Finesse.
 13906 | Lair:5   | Received a gift from Okawaru
 13909 | Lair:5   | 13909 ||| Stepping ~*~*~tactically~*~*~ (stealth).
 13911 | Lair:5   | 13911 ||| Stepping ~*~*~tactically~*~*~ (hiding).
 13918 | Lair:5   | 13918 ||| Stepping ~*~*~tactically~*~*~ (hiding).
 13948 | Lair:5   | 13948 ||| INVOKING Heroism.
 14024 | Lair:5   | 14024 ||| INVOKING Heroism.
 14025 | Lair:5   | 14025 ||| INVOKING Finesse.
 14038 | Lair:5   | Received a gift from Okawaru
 14072 | Lair:5   | 14072 ||| Stepping ~*~*~tactically~*~*~ (stealth).
 14075 | Lair:5   | 14075 ||| INVOKING Heroism.
 14257 | Lair:5   | 14257 ||| Stepping ~*~*~tactically~*~*~ (stealth).
 14330 | Lair:5   | Received a gift from Okawaru
 14424 | Lair:5   | 14424 ||| INVOKING Heroism.
 14635 | Lair:5   | Found a staircase to the Slime Pits.
 14735 | Lair:5   | 14735 ||| PLANNING D:1-11
 14735 | Lair:5   | 14735 ||| READING scroll labelled NETYOPLE JILE.
 14735 | Lair:5   | Identified a scroll of acquirement
 14735 | Lair:5   | 14735 ||| ACQUIRING +0 hat of Liberalism {Harm rF+ Int+3}
 14735 | Lair:5   | Acquired the +0 hat of Liberalism {Harm rF+ Int+3}
 14737 | Lair:5   | 14737 ||| READING 2 scrolls of identify.
 14737 | Lair:5   | 14737 ||| IDENTIFYING bubbling pink potion
 14738 | Lair:5   | 14738 ||| DROPPING potion of berserk rage.
 14865 | D:10     | Entered Level 10 of the Dungeon
 14959 | D:10     | Found a glowing silver altar of Zin.
 15015 | D:10     | 15015 ||| Stepping ~*~*~tactically~*~*~ (hiding).
 15030 | D:10     | 15030 ||| Stepping ~*~*~tactically~*~*~ (stealth).
 15127 | D:10     | Found a basalt altar of Yredelemnul.
 15193 | D:10     | Found a hazy altar of Hepliaklqana.
 15194 | D:10     | Found a sacrificial altar of Ru.
 15200 | D:10     | 15200 ||| Stepping ~*~*~tactically~*~*~ (stealth).
 15210 | D:10     | 15210 ||| DROPPING +0 flail.
 15385 | D:10     | 15385 ||| Stepping ~*~*~tactically~*~*~ (stealth).
 15387 | D:10     | 15387 ||| Stepping ~*~*~tactically~*~*~ (hiding).
 15527 | D:11     | Noticed Snorg
 15528 | D:11     | 15528 ||| INVOKING Heroism.
 15529 | D:11     | 15529 ||| INVOKING Finesse.
 15540 | D:11     | Killed Snorg
 15541 | D:11     | Reached skill level 13 in Armour
 15617 | D:11     | 15617 ||| Stepping ~*~*~tactically~*~*~ (stealth).
 15865 | D:11     | 15865 ||| Stepping ~*~*~tactically~*~*~ (hiding).
 15880 | D:11     | 15880 ||| Stepping ~*~*~tactically~*~*~ (stealth).
 15881 | D:11     | 15881 ||| Stepping ~*~*~tactically~*~*~ (stealth).
 16203 | D:11     | 16203 ||| PLANNING D
 16261 | D:12     | 16261 ||| INVOKING Heroism.
 16262 | D:12     | 16262 ||| INVOKING Finesse.
 16276 | D:12     | Reached XP level 15. HP: 94/94 MP: 22/22
 16363 | D:12     | 16363 ||| Stepping ~*~*~tactically~*~*~ (hiding).
 16366 | D:12     | 16366 ||| DRINKING potion of curing.
 16366 | D:12     | 16366 ||| (to cure confusion)
 16528 | D:12     | Noticed Josephine
 16531 | D:12     | Reached skill level 12 in Shields
 16544 | D:12     | Killed Josephine
 16832 | D:12     | Found Oreenluch's Assorted Antiques.
 16838 | D:12     | 16838 ||| BUYING 2 potions of curing (198 gold).
 16838 | D:12     | Bought 2 potions of curing for 198 gold pieces
 16838 | D:12     | 16838 ||| BUYING scroll of enchant armour (247 gold).
 16838 | D:12     | Bought a scroll of enchant armour for 247 gold pieces
 16838 | D:12     | 16838 ||| READING scroll of enchant armour.
 16838 | D:12     | 16838 ||| ENCHANTING +2 crystal plate armour.
 16849 | D:12     | 16849 ||| Stepping ~*~*~tactically~*~*~ (hiding).
 16879 | D:12     | 16879 ||| Stepping ~*~*~tactically~*~*~ (stealth).
 17112 | D:12     | Found a staircase to the Orcish Mines.
 17224 | D:12     | 17224 ||| DROPPING scarf of shadows.
 17225 | D:12     | 17225 ||| READING scroll labelled ERCHIM EWNAU.
 17291 | D:13     | Identified the +1 pair of boots of the Postmodern Planets
                  | {Rampage rPois rC+ Dex+2} (Okawaru gifted it to you on
                  | level 13 of the Dungeon)
 17291 | D:13     | Received a gift from Okawaru
 17325 | D:13     | 17325 ||| INVOKING Heroism.
 17326 | D:13     | 17326 ||| INVOKING Finesse.
 17329 | D:13     | 17329 ||| SWAPPING to +0 morningstar.
 17334 | D:13     | 17334 ||| SWAPPING to +1 war axe of electrocution.
 17351 | D:13     | 17351 ||| READING scroll of enchant armour.
 17351 | D:13     | 17351 ||| ENCHANTING +3 crystal plate armour.
 17372 | D:13     | 17372 ||| INVOKING Heroism.
 17373 | D:13     | 17373 ||| INVOKING Finesse.
 17381 | D:13     | 17381 ||| SWAPPING to +0 morningstar.
 17387 | D:13     | 17387 ||| SWAPPING to +1 war axe of electrocution.
 17431 | D:13     | 17431 ||| READING scroll of brand weapon.
 17431 | D:13     | 17431 ||| BRANDING +1 war axe of electrocution.
 17442 | D:13     | 17442 ||| Stepping ~*~*~tactically~*~*~ (hiding).
 17504 | D:13     | 17504 ||| READING scroll of enchant armour.
 17504 | D:13     | 17504 ||| ENCHANTING +4 crystal plate armour.
 17533 | D:13     | Found Lyemoq's Antique Armour Shop.
 17541 | D:13     | Noticed Frances
 17542 | D:13     | 17542 ||| INVOKING Heroism.
 17572 | D:13     | Killed Frances
 17573 | D:13     | Reached skill level 15 in Axes
 17581 | D:13     | 17581 ||| SHOPLISTING glowing acid dragon scales (1247
                  | gold, have 665).
 17581 | D:13     | 17581 ||| BUYING pair of runed boots (217 gold).
 17581 | D:13     | Bought a pair of runed boots for 217 gold pieces
 17722 | D:13     | 17722 ||| INVOKING Heroism.
 17746 | D:13     | 17746 ||| INVOKING Heroism.
 17766 | D:13     | 17766 ||| READING scroll of enchant armour.
 17766 | D:13     | 17766 ||| ENCHANTING +5 crystal plate armour.
 17777 | D:13     | 17777 ||| INVOKING Heroism.
 17799 | D:13     | Noticed Erolcha
 17816 | D:13     | Killed Erolcha
 17881 | D:13     | Reached skill level 14 in Armour
 17928 | D:13     | Found a gate to the Vaults.
 17978 | D:13     | 17978 ||| Stepping ~*~*~tactically~*~*~ (hiding).
 18153 | D:13     | 18153 ||| UPGRADING to +1 pair of boots of the Postmodern
                  | Planets {Rampage rPois rC+ Dex+2}.
 18163 | D:13     | 18163 ||| DROPPING +0 pair of boots.
 18164 | D:13     | 18164 ||| DROPPING +1 pair of boots of flying.
 18165 | D:13     | 18165 ||| DROPPING amulet of the acrobat.
 18166 | D:13     | 18166 ||| DROPPING +6 ring of intelligence.
 18281 | D:14     | 18281 ||| Stepping ~*~*~tactically~*~*~ (hiding).
 18495 | D:14     | 18495 ||| Stepping ~*~*~tactically~*~*~ (hiding).
 18512 | D:14     | 18512 ||| DROPPING +0 morningstar.
 18651 | D:14     | 18651 ||| INVOKING Heroism.
 18666 | D:14     | 18666 ||| SWAPPING to +0 hand axe of flaming.
 18673 | D:14     | 18673 ||| SWAPPING to +1 vampiric war axe.
 18692 | D:14     | Received a gift from Okawaru
 18773 | D:14     | 18773 ||| Stepping ~*~*~tactically~*~*~ (hiding).
 18774 | D:14     | 18774 ||| Stepping ~*~*~tactically~*~*~ (hiding).
 18785 | D:14     | Reached skill level 12 in Fighting
 19059 | D:15     | Entered Level 15 of the Dungeon
 19062 | D:15     | Noticed Kirke
 19063 | D:15     | 19063 ||| Stepping ~*~*~tactically~*~*~ (stealth).
 19068 | D:15     | 19068 ||| INVOKING Heroism.
 19086 | D:15     | Killed Kirke
 19185 | D:15     | 19185 ||| INVOKING Heroism.
 19194 | D:15     | Received a gift from Okawaru
 19206 | D:15     | Found a portal to a secret trove of treasure.
 19329 | D:15     | Reached XP level 16. HP: 101/101 MP: 23/23
 19345 | D:15     | Found an ornate altar of the Wu Jian Council.
 19346 | D:15     | 19346 ||| Stepping ~*~*~tactically~*~*~ (hiding).
 19389 | D:15     | 19389 ||| Stepping ~*~*~tactically~*~*~ (stealth).
 19392 | D:15     | 19392 ||| Stepping ~*~*~tactically~*~*~ (stealth).
 19393 | D:15     | 19393 ||| Stepping ~*~*~tactically~*~*~ (stealth).
 19433 | D:15     | 19433 ||| INVOKING Heroism.
 19746 | Abyss:3  | Cast into level 3 of the Abyss (a wizard)
 19747 | Abyss:3  | 19747 ||| Stepping ~*~*~tactically~*~*~ (stealth).
 19791 | Abyss:3  | Received a gift from Okawaru
 19808 | D:15     | Escaped the Abyss
 19869 | D:15     | Found a staircase to the Depths.
 20042 | D:15     | 20042 ||| INVOKING Heroism.
 20074 | D:15     | 20074 ||| Stepping ~*~*~tactically~*~*~ (hiding).
 20485 | D:15     | 20485 ||| PLANNING ORC
 20640 | Orc:1    | Entered Level 1 of the Orcish Mines
 20649 | Orc:1    | Received a gift from Okawaru
 20697 | Orc:1    | 20697 ||| Stepping ~*~*~tactically~*~*~ (stealth).
 20698 | Orc:1    | 20698 ||| Stepping ~*~*~tactically~*~*~ (stealth).
 20699 | Orc:1    | 20699 ||| Stepping ~*~*~tactically~*~*~ (stealth).
 20801 | Orc:1    | 20801 ||| Stepping ~*~*~tactically~*~*~ (hiding).
 20802 | Orc:1    | 20802 ||| INVOKING Heroism.
 20847 | Orc:1    | 20847 ||| Stepping ~*~*~tactically~*~*~ (hiding).
 20848 | Orc:1    | 20848 ||| INVOKING Heroism.
 20849 | Orc:1    | 20849 ||| INVOKING Finesse.
 20859 | Orc:1    | Reached skill level 15 in Armour
 20878 | Orc:1    | 20878 ||| Stepping ~*~*~tactically~*~*~ (hiding).
 20882 | Orc:1    | 20882 ||| Stepping ~*~*~tactically~*~*~ (hiding).
 20910 | Orc:1    | 20910 ||| INVOKING Finesse.
 20999 | Orc:1    | Identified the amulet "Gafips" {rPois Regen+ Int+3 Stlth+}
 21001 | Orc:1    | Identified the +2 cloak of Gozag's Supremacy {Will- Str+6}
 21045 | Orc:1    | Identified the +10 storm dragon scales of Cetic {rElec
                  | Int+2}
 21108 | Orc:1    | Noticed Erica
 21134 | Orc:1    | Killed Erica
 21382 | Orc:1    | 21382 ||| UPGRADING to +2 cloak of Gozag's Supremacy {Will-
                  | Str+6}.
 21392 | Orc:1    | 21392 ||| DROPPING +0 cloak.
 21393 | Orc:1    | 21393 ||| DROPPING amulet "Gafips" {rPois Regen+ Int+3
                  | Stlth+}.
 21406 | Orc:2    | Entered Level 2 of the Orcish Mines
 21438 | Orc:2    | 21438 ||| Stepping ~*~*~tactically~*~*~ (hiding).
 21440 | Orc:2    | 21440 ||| Stepping ~*~*~tactically~*~*~ (hiding).
 21442 | Orc:2    | 21442 ||| Stepping ~*~*~tactically~*~*~ (hiding).
 21450 | Orc:2    | 21450 ||| Stepping ~*~*~tactically~*~*~ (hiding).
 21516 | Orc:2    | Found a runed translucent gate.
 21516 | Orc:2    | Found a runed translucent gate.
 21517 | Orc:2    | Found a runed translucent gate.
 21558 | Orc:2    | 21558 ||| Stepping ~*~*~tactically~*~*~ (hiding).
 21636 | Orc:2    | Found a staircase to the Elven Halls.
 21806 | Orc:2    | Noticed qw's ghost (adept GrFi)
 21947 | Orc:2    | 21947 ||| INVOKING Heroism.
 21980 | Orc:2    | 21980 ||| INVOKING Heroism.
 22001 | Orc:2    | HP: 23/103 [orc warlord/+3 great mace of protection (3)]
 22001 | Orc:2    | HP: 11/103 [orc priest/divine providence (12)]
 22002 | Orc:2    | 22002 ||| READING scroll of teleportation.
 22002 | Orc:2    | HP: 1/103 [orc warrior/+0 halberd (8)]
 22003 | Orc:2    | 22003 ||| DRINKING 8 potions of heal wounds.
 22004 | Orc:2    | 22004 ||| DRINKING 7 potions of heal wounds.
 22005 | Orc:2    | 22005 ||| DRINKING 6 potions of heal wounds.
 22009 | Orc:2    | HP: 24/103 [orc priest/divine providence (11)]
 22010 | Orc:2    | 22010 ||| DRINKING 5 potions of heal wounds.
 22011 | Orc:2    | 22011 ||| INVOKING Finesse.
 22012 | Orc:2    | 22012 ||| DRINKING 4 potions of heal wounds.
 22013 | Orc:2    | 22013 ||| INVOKING Heroism.
 22044 | Orc:2    | Paralysed by an orc sorcerer for 4 turns
 22049 | Orc:2    | 22049 ||| DRINKING 3 potions of curing.
 22049 | Orc:2    | 22049 ||| (to cure confusion)
 22049 | Orc:2    | HP: 23/103 [orc high priest/divine providence (10)]
 22050 | Orc:2    | 22050 ||| DRINKING 3 potions of heal wounds.
 22072 | Orc:2    | 22072 ||| INVOKING Heroism.
 22072 | Orc:2    | HP: 22/103 [orc warrior/+0 trident (16)]
 22073 | Orc:2    | 22073 ||| DRINKING 2 potions of heal wounds.
 22079 | Orc:2    | HP: 16/103 [orc high priest/divine providence (15)]
 22080 | Orc:2    | 22080 ||| DRINKING potion of heal wounds.
 22180 | Orc:2    | 22180 ||| Stepping ~*~*~tactically~*~*~ (stealth).
 22181 | Orc:2    | 22181 ||| Stepping ~*~*~tactically~*~*~ (stealth).
 22194 | Orc:2    | 22194 ||| Stepping ~*~*~tactically~*~*~ (hiding).
 22195 | Orc:2    | 22195 ||| INVOKING Heroism.
 22301 | Orc:2    | 22301 ||| DROPPING +0 hand axe of flaming.
 22315 | Orc:2    | Found Otzit's Antique Armour Shoppe.
 22316 | Orc:2    | Found Wyiroangeni's Antique Weapon Shoppe.
 22318 | Orc:2    | Found Juilunej's General Store.
 22318 | Orc:2    | Found Naudwula's Jewellery Emporium.
 22322 | Orc:2    | 22322 ||| BUYING scroll of teleportation (42 gold).
 22322 | Orc:2    | Bought a scroll of teleportation for 42 gold pieces
 22322 | Orc:2    | 22322 ||| BUYING scroll of teleportation (42 gold).
 22322 | Orc:2    | Bought a scroll of teleportation for 42 gold pieces
 22323 | Orc:2    | 22323 ||| BUYING +5 ring of evasion (540 gold).
 22323 | Orc:2    | Bought a +5 ring of evasion for 540 gold pieces
 22323 | Orc:2    | 22323 ||| BUYING ring of protection from cold (375 gold).
 22323 | Orc:2    | Bought a ring of protection from cold for 375 gold pieces
 22323 | Orc:2    | 22323 ||| BUYING ring of resist corrosion (300 gold).
 22323 | Orc:2    | Bought a ring of resist corrosion for 300 gold pieces
 22332 | Orc:2    | 22332 ||| BUYING glowing cloak (285 gold).
 22332 | Orc:2    | Bought a glowing cloak for 285 gold pieces
 22456 | Orc:2    | 22456 ||| PLANNING SHOALS:1-3
 22456 | Orc:2    | 22456 ||| DROPPING +0 cloak of stealth.
 22457 | Orc:2    | 22457 ||| UPGRADING to +5 ring of evasion.
 22459 | Orc:2    | 22459 ||| DROPPING +6 ring of strength.
 22633 | Shoals:1 | Entered Level 1 of the Shoals
 22696 | Shoals:1 | Noticed Mlioglotl
 22698 | Shoals:1 | 22698 ||| INVOKING Heroism.
 22699 | Shoals:1 | 22699 ||| INVOKING Finesse.
 22715 | Shoals:1 | Killed Mlioglotl
 22719 | Shoals:1 | 22719 ||| Stepping ~*~*~tactically~*~*~ (hiding).
 22772 | Shoals:1 | Received a gift from Okawaru
 22807 | Shoals:1 | 22807 ||| Stepping ~*~*~tactically~*~*~ (hiding).
 22808 | Shoals:1 | 22808 ||| Stepping ~*~*~tactically~*~*~ (hiding).
 22821 | Shoals:1 | Reached XP level 17. HP: 108/108 MP: 24/24
 22847 | Shoals:1 | Reached skill level 16 in Armour
 22887 | Shoals:1 | 22887 ||| Stepping ~*~*~tactically~*~*~ (hiding).
 22888 | Shoals:1 | 22888 ||| Stepping ~*~*~tactically~*~*~ (hiding).
 22905 | Shoals:1 | 22905 ||| INVOKING Heroism.
 22920 | Shoals:1 | Reached skill level 6 in Throwing
 22955 | Shoals:1 | 22955 ||| Stepping ~*~*~tactically~*~*~ (hiding).
 23124 | Shoals:1 | 23124 ||| INVOKING Heroism.
 23125 | Shoals:1 | 23125 ||| Stepping ~*~*~tactically~*~*~ (hiding).
 23126 | Shoals:1 | 23126 ||| Stepping ~*~*~tactically~*~*~ (hiding).
 23151 | Shoals:1 | 23151 ||| Stepping ~*~*~tactically~*~*~ (hiding).
 23236 | Shoals:1 | 23236 ||| INVOKING Heroism.
 23703 | Shoals:2 | 23703 ||| Stepping ~*~*~tactically~*~*~ (hiding).
 23740 | Shoals:2 | 23740 ||| INVOKING Heroism.
 23848 | Shoals:2 | Found Lozirgha's Antique Weapon Emporium.
 24338 | Shoals:2 | 24338 ||| Stepping ~*~*~tactically~*~*~ (hiding).
 24339 | Shoals:2 | 24339 ||| Stepping ~*~*~tactically~*~*~ (hiding).
 24349 | Shoals:2 | 24349 ||| INVOKING Heroism.
 24574 | Shoals:3 | 24574 ||| Stepping ~*~*~tactically~*~*~ (hiding).
 24579 | Shoals:3 | 24579 ||| INVOKING Heroism.
 24621 | Shoals:3 | Noticed Roxanne
 24622 | Shoals:3 | 24622 ||| INVOKING Heroism.
 24623 | Shoals:3 | 24623 ||| INVOKING Finesse.
 24654 | Shoals:3 | Killed Roxanne
 24767 | Shoals:3 | Received a gift from Okawaru
 24834 | Shoals:3 | 24834 ||| INVOKING Heroism.
 24835 | Shoals:3 | 24835 ||| INVOKING Finesse.
 25016 | Shoals:3 | 25016 ||| INVOKING Heroism.
 25017 | Shoals:3 | 25017 ||| INVOKING Finesse.
 25107 | Shoals:3 | 25107 ||| Stepping ~*~*~tactically~*~*~ (hiding).
 25109 | Shoals:3 | 25109 ||| Stepping ~*~*~tactically~*~*~ (hiding).
 25113 | Shoals:3 | 25113 ||| Stepping ~*~*~tactically~*~*~ (hiding).
 25114 | Shoals:3 | 25114 ||| Stepping ~*~*~tactically~*~*~ (hiding).
 25116 | Shoals:3 | 25116 ||| Stepping ~*~*~tactically~*~*~ (hiding).
 25117 | Shoals:3 | 25117 ||| Stepping ~*~*~tactically~*~*~ (hiding).
 25118 | Shoals:3 | 25118 ||| Stepping ~*~*~tactically~*~*~ (hiding).
 25130 | Shoals:3 | 25130 ||| Stepping ~*~*~tactically~*~*~ (hiding).
 25132 | Shoals:3 | 25132 ||| Stepping ~*~*~tactically~*~*~ (hiding).
 25134 | Shoals:3 | 25134 ||| Stepping ~*~*~tactically~*~*~ (hiding).
 25135 | Shoals:3 | 25135 ||| Stepping ~*~*~tactically~*~*~ (hiding).
 25136 | Shoals:3 | 25136 ||| Stepping ~*~*~tactically~*~*~ (hiding).
 25137 | Shoals:3 | 25137 ||| Stepping ~*~*~tactically~*~*~ (hiding).
 25153 | Shoals:3 | Reached skill level 17 in Armour
 25301 | Shoals:3 | 25301 ||| PLANNING SPIDER:1-3
 25301 | Shoals:3 | 25301 ||| DROPPING +1 hat.
 25402 | Spider:1 | Entered Level 1 of the Spider Nest
 25483 | Spider:1 | 25483 ||| Stepping ~*~*~tactically~*~*~ (hiding).
 25489 | Spider:1 | 25489 ||| INVOKING Heroism.
 25532 | Spider:1 | 25532 ||| Stepping ~*~*~tactically~*~*~ (hiding).
 25536 | Spider:1 | 25536 ||| INVOKING Finesse.
 25562 | Spider:1 | 25562 ||| Stepping ~*~*~tactically~*~*~ (stealth).
 25564 | Spider:1 | 25564 ||| Stepping ~*~*~tactically~*~*~ (stealth).
 25617 | Spider:1 | 25617 ||| Stepping ~*~*~tactically~*~*~ (stealth).
 25633 | Spider:1 | 25633 ||| Stepping ~*~*~tactically~*~*~ (stealth).
 25660 | Spider:1 | 25660 ||| DRINKING 4 potions of curing.
 25660 | Spider:1 | 25660 ||| (to cure confusion)
 25666 | Spider:1 | 25666 ||| INVOKING Finesse.
 25678 | Spider:1 | 25678 ||| Stepping ~*~*~tactically~*~*~ (hiding).
 25694 | Spider:1 | Reached skill level 6 in Dodging
 25706 | Spider:1 | 25706 ||| INVOKING Heroism.
 25787 | Spider:1 | 25787 ||| Stepping ~*~*~tactically~*~*~ (hiding).
 25789 | Spider:1 | 25789 ||| Stepping ~*~*~tactically~*~*~ (hiding).
 25790 | Spider:1 | 25790 ||| Stepping ~*~*~tactically~*~*~ (hiding).
 25962 | Spider:1 | 25962 ||| Stepping ~*~*~tactically~*~*~ (stealth).
 25984 | Spider:1 | 25984 ||| Stepping ~*~*~tactically~*~*~ (hiding).
 25985 | Spider:1 | 25985 ||| INVOKING Heroism.
 25993 | Spider:1 | Reached XP level 18. HP: 93/116 MP: 25/25
 26005 | Spider:1 | 26005 ||| DROPPING +2 hand axe of flaming.
 26192 | Spider:2 | 26192 ||| INVOKING Heroism.
 26344 | Spider:2 | 26344 ||| Stepping ~*~*~tactically~*~*~ (hiding).
 26349 | Spider:2 | Received a gift from Okawaru
 26484 | Spider:2 | 26484 ||| READING scroll labelled COPLOX UGUMMODOCI.
 26804 | Spider:3 | 26804 ||| Stepping ~*~*~tactically~*~*~ (stealth).
 26806 | Spider:3 | 26806 ||| Stepping ~*~*~tactically~*~*~ (hiding).
 26981 | Spider:3 | 26981 ||| Stepping ~*~*~tactically~*~*~ (hiding).
 26984 | Spider:3 | 26984 ||| INVOKING Heroism.
 27100 | Spider:3 | Reached skill level 18 in Armour
 27149 | Spider:3 | Identified the +4 halberd of Joyful Slaughter {flame,
                  | Fragile Fly rElec rPois}
 27182 | Spider:3 | 27182 ||| INVOKING Heroism.
 27192 | Spider:3 | Received a gift from Okawaru
 27267 | Spider:3 | 27267 ||| Stepping ~*~*~tactically~*~*~ (stealth).
 27370 | Spider:3 | 27370 ||| Stepping ~*~*~tactically~*~*~ (stealth).
 27371 | Spider:3 | 27371 ||| Stepping ~*~*~tactically~*~*~ (stealth).
 27386 | Spider:3 | 27386 ||| Stepping ~*~*~tactically~*~*~ (stealth).
 27387 | Spider:3 | 27387 ||| Stepping ~*~*~tactically~*~*~ (stealth).
 27388 | Spider:3 | 27388 ||| Stepping ~*~*~tactically~*~*~ (stealth).
 27389 | Spider:3 | 27389 ||| Stepping ~*~*~tactically~*~*~ (stealth).
 27403 | Spider:3 | 27403 ||| Stepping ~*~*~tactically~*~*~ (stealth).
 27408 | Spider:3 | 27408 ||| Stepping ~*~*~tactically~*~*~ (stealth).
 27504 | Spider:3 | 27504 ||| Stepping ~*~*~tactically~*~*~ (stealth).
 27507 | Spider:3 | 27507 ||| Stepping ~*~*~tactically~*~*~ (stealth).
 27542 | Spider:3 | 27542 ||| DRINKING 3 potions of curing.
 27542 | Spider:3 | 27542 ||| (to cure confusion)
 27672 | Spider:3 | 27672 ||| Stepping ~*~*~tactically~*~*~ (stealth).
 27674 | Spider:3 | 27674 ||| Stepping randomly (disturbance).
 27675 | Spider:3 | 27675 ||| Stepping randomly (disturbance).
 27688 | Spider:3 | Reached skill level 15 in Fighting
 27751 | Spider:3 | 27751 ||| Stepping ~*~*~tactically~*~*~ (stealth).
 27819 | Spider:3 | 27819 ||| Stepping ~*~*~tactically~*~*~ (cloud).
 27916 | Spider:3 | 27916 ||| INVOKING Finesse.
 28116 | Spider:3 | 28116 ||| PLANNING SHOALS:4
 28299 | Shoals:4 | Entered Level 4 of the Shoals
 28304 | Shoals:4 | 28304 ||| Stepping ~*~*~tactically~*~*~ (hiding).
 28410 | Shoals:4 | 28410 ||| Stepping ~*~*~tactically~*~*~ (hiding).
 28413 | Shoals:4 | 28413 ||| Stepping ~*~*~tactically~*~*~ (hiding).
 28414 | Shoals:4 | 28414 ||| Stepping ~*~*~tactically~*~*~ (hiding).
 28416 | Shoals:4 | 28416 ||| Stepping ~*~*~tactically~*~*~ (hiding).
 28417 | Shoals:4 | 28417 ||| Stepping ~*~*~tactically~*~*~ (hiding).
 28420 | Shoals:4 | 28420 ||| Stepping ~*~*~tactically~*~*~ (hiding).
 28423 | Shoals:4 | 28423 ||| Stepping ~*~*~tactically~*~*~ (hiding).
 28424 | Shoals:4 | 28424 ||| INVOKING Heroism.
 28424 | Shoals:4 | Noticed Ilsuiw
 28425 | Shoals:4 | 28425 ||| INVOKING Finesse.
 28446 | Abyss:3  | Cast into level 3 of the Abyss (merfolk impaler)
 28448 | Abyss:3  | Found a corrupted altar of Lugonu.
 28457 | Abyss:3  | 28457 ||| Stepping ~*~*~tactically~*~*~ (stealth).
 28477 | Abyss:3  | 28477 ||| Stepping ~*~*~tactically~*~*~ (stealth).
 28502 | Abyss:3  | 28502 ||| Stepping ~*~*~tactically~*~*~ (stealth).
 28513 | Abyss:3  | Gained mutation: You occasionally lose the ability to drink
                  | potions when taking damage. [a neqoxec]
 28527 | Abyss:3  | 28527 ||| DRINKING 5 potions of mutation.
 28527 | Abyss:3  | Lost mutation: Your spells are a little harder to cast, but
                  | a little more powerful. [potion of mutation]
 28527 | Abyss:3  | Lost mutation: You occasionally lose the ability to drink
                  | potions when taking damage. [potion of mutation]
 28527 | Abyss:3  | Lost mutation: You are agile. (Dex +4, Str/Int -1) [potion
                  | of mutation]
 28527 | Abyss:3  | Gained mutation: You occasionally shout uncontrollably at
                  | your foes. [potion of mutation]
 28527 | Abyss:3  | Gained mutation: Your magical capacity is low. (-10% MP)
                  | [potion of mutation]
 28527 | Abyss:3  | Gained mutation: You possess an exceptional clarity of
                  | mind. [potion of mutation]
 28552 | Abyss:3  | 28552 ||| Stepping ~*~*~tactically~*~*~ (stealth).
 28554 | Abyss:3  | 28554 ||| Stepping ~*~*~tactically~*~*~ (hiding).
 28573 | Abyss:3  | Reached skill level 15 in Shields
 28624 | Abyss:3  | 28624 ||| Stepping ~*~*~tactically~*~*~ (stealth).
 28627 | Abyss:3  | 28627 ||| Stepping ~*~*~tactically~*~*~ (hiding).
 28628 | Abyss:3  | 28628 ||| Stepping ~*~*~tactically~*~*~ (hiding).
 28630 | Abyss:3  | 28630 ||| INVOKING Heroism.
 28683 | Abyss:3  | 28683 ||| Stepping ~*~*~tactically~*~*~ (stealth).
 28707 | Abyss:3  | 28707 ||| Stepping ~*~*~tactically~*~*~ (stealth).
 28711 | Abyss:3  | 28711 ||| Stepping ~*~*~tactically~*~*~ (hiding).
 28751 | Abyss:3  | 28751 ||| Stepping ~*~*~tactically~*~*~ (hiding).
 28753 | Abyss:3  | 28753 ||| Stepping ~*~*~tactically~*~*~ (hiding).
 28771 | Abyss:3  | 28771 ||| Stepping ~*~*~tactically~*~*~ (stealth).
 28781 | Abyss:3  | 28781 ||| Stepping ~*~*~tactically~*~*~ (stealth).
 28796 | Abyss:3  | 28796 ||| Stepping ~*~*~tactically~*~*~ (hiding).
 28797 | Abyss:3  | 28797 ||| Stepping ~*~*~tactically~*~*~ (hiding).
 28798 | Abyss:3  | 28798 ||| Stepping ~*~*~tactically~*~*~ (hiding).
 28799 | Abyss:3  | 28799 ||| Stepping ~*~*~tactically~*~*~ (hiding).
 28878 | Abyss:3  | 28878 ||| Stepping ~*~*~tactically~*~*~ (stealth).
 28889 | Abyss:3  | 28889 ||| Stepping ~*~*~tactically~*~*~ (stealth).
 28891 | Abyss:3  | 28891 ||| Stepping ~*~*~tactically~*~*~ (stealth).
 28892 | Abyss:3  | 28892 ||| Stepping ~*~*~tactically~*~*~ (stealth).
 28915 | Abyss:3  | Received a gift from Okawaru
 28958 | Abyss:3  | 28958 ||| INVOKING Heroism.
 29001 | Abyss:3  | 29001 ||| Stepping ~*~*~tactically~*~*~ (stealth).
 29011 | Abyss:3  | 29011 ||| Stepping ~*~*~tactically~*~*~ (stealth).
 29013 | Abyss:3  | 29013 ||| Stepping ~*~*~tactically~*~*~ (stealth).
 29027 | Abyss:3  | 29027 ||| INVOKING Heroism.
 29028 | Abyss:3  | 29028 ||| INVOKING Finesse.
 29042 | Abyss:3  | Reached skill level 19 in Armour
 29056 | Abyss:3  | 29056 ||| Stepping ~*~*~tactically~*~*~ (stealth).
 29100 | Abyss:3  | 29100 ||| Stepping ~*~*~tactically~*~*~ (hiding).
 29124 | Abyss:3  | 29124 ||| Stepping ~*~*~tactically~*~*~ (stealth).
 29125 | Abyss:3  | 29125 ||| Stepping ~*~*~tactically~*~*~ (stealth).
 29132 | Abyss:3  | 29132 ||| Stepping ~*~*~tactically~*~*~ (hiding).
 29150 | Abyss:3  | 29150 ||| Stepping ~*~*~tactically~*~*~ (hiding).
 29180 | Abyss:3  | 29180 ||| Stepping ~*~*~tactically~*~*~ (hiding).
 29209 | Abyss:3  | Received a gift from Okawaru
 29272 | Abyss:3  | Noticed a bone dragon
 29307 | Abyss:3  | Killed a bone dragon
 29322 | Abyss:3  | 29322 ||| INVOKING Heroism.
 29323 | Abyss:3  | 29323 ||| INVOKING Finesse.
 29330 | Abyss:3  | Received a gift from Okawaru
 29354 | Abyss:3  | 29354 ||| Stepping ~*~*~tactically~*~*~ (hiding).
 29355 | Abyss:3  | 29355 ||| Stepping ~*~*~tactically~*~*~ (stealth).
 29385 | Abyss:3  | 29385 ||| INVOKING Heroism.
 29392 | Abyss:3  | Reached XP level 19. HP: 83/125 MP: 23/23
 29522 | Abyss:3  | 29522 ||| Stepping ~*~*~tactically~*~*~ (stealth).
 29523 | Abyss:3  | 29523 ||| Stepping ~*~*~tactically~*~*~ (stealth).
 29534 | Abyss:3  | Gained mutation: You are vulnerable to heat. (rF-) [a
                  | neqoxec]
 29538 | Abyss:3  | Gained mutation: You have hidden genetic defects. [a
                  | neqoxec]
 29550 | Shoals:4 | Escaped the Abyss
 29551 | Shoals:4 | 29551 ||| INVOKING Heroism.
 29552 | Shoals:4 | 29552 ||| INVOKING Finesse.
 29597 | Shoals:4 | HP: 31/125 [merfolk javelineer/silver javelin (14)]
 29598 | Shoals:4 | 29598 ||| READING 6 scrolls of teleportation.
 29599 | Shoals:4 | 29599 ||| DRINKING potion of heal wounds.
 29606 | Shoals:4 | 29606 ||| Stepping ~*~*~tactically~*~*~ (hiding).
 29621 | Shoals:4 | 29621 ||| DRINKING 4 potions of mutation.
 29621 | Shoals:4 | Lost mutation: You have sharp toenails. [potion of
                  | mutation]
 29621 | Shoals:4 | Lost mutation: You are vulnerable to heat. (rF-) [potion of
                  | mutation]
 29621 | Shoals:4 | Gained mutation: You have a pair of small horns on your
                  | head. [potion of mutation]
 29621 | Shoals:4 | Gained mutation: You passively map a small area around you.
                  | [potion of mutation]
 29621 | Shoals:4 | Lost mutation: You passively map a small area around you.
                  | [potion of mutation]
 29621 | Shoals:4 | Gained mutation: Your natural rate of healing is unusually
                  | fast. [potion of mutation]
 29622 | Shoals:4 | 29622 ||| Stepping ~*~*~tactically~*~*~ (stealth).
 29630 | Shoals:4 | Identified the staff of fire "Ezevavoe" {rPois rF+}
 29692 | Shoals:4 | 29692 ||| Stepping ~*~*~tactically~*~*~ (hiding).
 29694 | Shoals:4 | 29694 ||| INVOKING Heroism.
 29745 | Shoals:4 | 29745 ||| Stepping ~*~*~tactically~*~*~ (stealth).
 29747 | Shoals:4 | 29747 ||| Stepping ~*~*~tactically~*~*~ (stealth).
 29785 | Shoals:4 | 29785 ||| Stepping ~*~*~tactically~*~*~ (hiding).
 29786 | Shoals:4 | 29786 ||| INVOKING Heroism.
 29834 | Shoals:4 | 29834 ||| Stepping ~*~*~tactically~*~*~ (hiding).
 29835 | Shoals:4 | 29835 ||| Stepping ~*~*~tactically~*~*~ (hiding).
 29837 | Shoals:4 | 29837 ||| Stepping ~*~*~tactically~*~*~ (stealth).
 30026 | Shoals:4 | 30026 ||| INVOKING Heroism.
 30029 | Shoals:4 | 30029 ||| INVOKING Finesse.
 30060 | Shoals:4 | Killed Ilsuiw
 30060 | Shoals:4 | Received a gift from Okawaru
 30091 | Shoals:4 | 30091 ||| Stepping ~*~*~tactically~*~*~ (hiding).
 30092 | Shoals:4 | 30092 ||| Stepping ~*~*~tactically~*~*~ (hiding).
 30106 | Shoals:4 | Gained mutation: Your body sometimes deteriorates upon
                  | taking damage. [hidden defects]
 30213 | Shoals:4 | 30213 ||| Stepping ~*~*~tactically~*~*~ (hiding).
 30216 | Shoals:4 | 30216 ||| INVOKING Heroism.
 30229 | Shoals:4 | 30229 ||| Stepping ~*~*~tactically~*~*~ (hiding).
 30264 | Shoals:4 | Received a gift from Okawaru
 30265 | Shoals:4 | 30265 ||| Stepping ~*~*~tactically~*~*~ (hiding).
 30268 | Shoals:4 | 30268 ||| INVOKING Heroism.
 30295 | Shoals:4 | Got a barnacled rune of Zot
 30319 | Shoals:4 | 30319 ||| Stepping ~*~*~tactically~*~*~ (hiding).
 30422 | Shoals:4 | 30422 ||| Stepping ~*~*~tactically~*~*~ (hiding).
 30458 | Shoals:4 | 30458 ||| Stepping ~*~*~tactically~*~*~ (hiding).
 30617 | Shoals:4 | 30617 ||| PLANNING VAULTS:1-4
 30617 | Shoals:4 | 30617 ||| DROPPING +0 helmet.
 30618 | Shoals:4 | 30618 ||| DROPPING ring of magical power.
 30891 | Vaults:1 | Entered Level 1 of the Vaults
 30936 | Vaults:1 | Noticed Asterion
 30937 | Vaults:1 | 30937 ||| INVOKING Heroism.
 30945 | Vaults:1 | Killed Asterion
 30946 | Vaults:1 | 30946 ||| Stepping ~*~*~tactically~*~*~ (stealth).
 30959 | Vaults:1 | Received a gift from Okawaru
 31211 | Vaults:1 | Identified the staff of conjuration "Quol" {Fragile rElec
                  | rN+}
 31235 | Vaults:1 | 31235 ||| Stepping ~*~*~tactically~*~*~ (hiding).
 31357 | Vaults:1 | 31357 ||| INVOKING Heroism.
 31358 | Vaults:1 | HP: 26/128 [crystal guardian/crystal bolt[a peacekeeper]
                  | (13)]
 31359 | Vaults:1 | 31359 ||| READING 5 scrolls of teleportation.
 31359 | Vaults:1 | HP: 12/128 [centaur warrior/arrow (17)]
 31359 | Vaults:1 | Slain by a crystal guardian

Levels and vault maps discovered:
D:1:      dpeg_chamrin_arrival_tetris, layout_loops_ring, serial_shops, shop,
          hangedman_decor_diamond_cutter, minmay_misc_feat_roman
D:2:      layout_basic, uniq_jessica
D:3:      layout_loops_ring, tgw_xom, okawaru_ov_weapons_minmay,
          vehumet_crystals
D:4:      layout_gridville, serial_shops, shop, st_stairs_11, uniq_grinder
D:5:      layout_loops_cross, minmay_temple_entry_arrows,
          gup_sewer_entry_bubbles, st_stairs_4, minmay_misc_feat_iff,
          uniq_eustachio, uniq_edmund
D:6:      layout_cave_pools, serial_bayou_lake_a, uniq_crazy_yiuf_cottage
D:7:      layout_layer_cave, nicolae_benzene_ring, uniq_pikel, uniq_menkaure
D:8:      layout_loops_ring, nicolae_gozag_cash_rules_everything_around_me,
          nicolae_uskayaw_suspiria, uniq_maurice
D:9:      layout_roguey, mainiacjoe_overflow_alcove_2, ashenzari_altar_1,
          nicolae_kikubaaqudgha_miasma_corner, lair_entry_dummy,
          skrybe_limestone_x, chequers_serial_rivers_small_a,
          kennysheep_generic_room_6
D:10:     layout_cave_pools, mainiacjoe_overflow_cross_hatched,
          lemuel_zombie_altar_yredelemnul, nicolae_overflow_squiral,
          serial_column_ruins, column_ruins_pillar_7, column_ruins_pillar_1,
          column_ruins_pillar_3, column_ruins_pillar_1, column_ruins_pillar_1,
          column_ruins_pillar_7, column_ruins_pillar_2, column_ruins_pillar_2,
          column_ruins_pillar_1, column_ruins_pillar_2, column_ruins_pillar_3,
          column_ruins_pillar_3, column_ruins_pillar_10, column_ruins_pillar_1,
          column_ruins_pillar_6, column_ruins_pillar_2, column_ruins_pillar_2,
          column_ruins_pillar_4, column_ruins_pillar_2, column_ruins_pillar_1
D:11:     layout_irregular_city, corexii_checkpoint_a, uniq_snorg
D:12:     layout_grid_maze, orc_0_dummy, serial_shops,
          nicolae_shop_overgrown_old_shop, eino_small_chamber_without_monster,
          grunt_decor_cap, uniq_josephine
D:13:     layout_long_grid, ximxim_vaults_locker_room, serial_shops,
          nicolae_shop_dealshenge, uniq_erolcha, uniq_frances
D:14:     layout_roguey, grunt_decor_one_mirror
D:15:     grunt_enter_depths_magical_seal, layout_layer_cave, special_room
          [special_room_orc], nicolae_wu_jian_wuxing_cycle, enter_trove_5,
          portal_ice_cave_entry_pillars_four, uniq_kirke
Lair:1:   layout_chaotic_city, grunt_megastairs_3
Lair:2:   layout_gridlike
Lair:3:   layout_roguey, minmay_shoals_entry_hut, spider_nest_entry_webs,
          gammafunk_ghost_grave, gauntlet_entry_generic,
          minmay_stone_trees_large, worms_lemuel
Lair:4:   layout_small_grid
Lair:5:   evilmike_catoblepas_cave, layout_regular_city, slime_entry_2,
          grunt_forest_small_clearings, minivault_24
Shoals:1: layout_shoals, nicolae_shoals_nymph_descending_staircase,
          uniq_mlioglotl
Shoals:2: layout_shoals, serial_shops, shop_statue
Shoals:3: layout_shoals, uniq_roxanne
Shoals:4: shoals_end_hangedman, layout_shoals, shoal_ilsuiw,
          nicolae_shoals_mertower
Spider:1: layout_spider_delve
Spider:2: layout_spider_delve
Spider:3: layout_spider_delve, nicolae_spider_swamp_cousins,
          nicolae_spider_cling_halls, hangedman_spider_tarantella_strand
Orc:1:    layout_diamond_mine, minmay_orc_treasury, uniq_erica
Orc:2:    st_orc_congregation, layout_diamond_mine, gammafunk_ghost_necromancy
Vaults:1: nicolae_vaults_shipping_containers_1, nicolae_vaults_stepped_doors,
          ontoclasm_vaults_ligature, nicolae_vaults_theta,
          ontoclasm_vaults_chip, nicolae_vaults_trapezoid_lopsided_1,
          grunt_vaults_hallway_short, vaults_room_pool, v_misc_19,
          nicolae_vaults_what_the_h, nicolae_vaults_theta,
          hangedman_vaults_trim, layout_vaults_maze_bifur, uniq_asterion

Skill      XL: |  1  2  3  4  5  6  7  8  9 10 11 12 13 14 15 16 17 18 19 |
---------------+----------------------------------------------------------+-----
Axes           | 2 3 4 5 6 8 9 10 12 14 15 16 | 16.0
Fighting       | 4 5 7 8 9 11 12 13 14 15 17 | 17.0
Armour         | 5 6 8 9 12 13 14 15 17 19 | 19.4
Invocations    | 2 4 5 9 10 | 10.0
Dodging        | 1 2 3 4 5 6 |  6.0
Throwing       | 1 3 4 5 7 8 |  8.6
Shields        | 4 5 6 7 11 12 13 14 15 | 15.2

Action                     |  1- 3 |  4- 6 |  7- 9 | 10-12 | 13-15 | 16-18 | 19-21 || total
---------------------------+-------+-------+-------+-------+-------+-------+-------++-------
  Melee: War axe           |    61 |   179 |   282 |   321 |   956 |  1914 |   411 ||  4124
         Flail             |       |       |       |       |    38 |       |       ||    38
         Morningstar       |       |       |       |       |     9 |       |       ||     9
         Hand axe          |       |       |       |       |     6 |       |       ||     6
         Headbutt          |       |       |       |       |       |       |    95 ||    95
  Throw: Boomerang         |       |     7 |    73 |    40 |    38 |   125 |     4 ||   287
         Javelin           |       |       |       |    35 |   150 |   120 |    26 ||   331
 Invoke: Heroism           |       |       |    10 |    15 |    32 |    31 |     8 ||    96
         Finesse           |       |       |       |       |     7 |    13 |     2 ||    22
    Use: Scroll            |     2 |     5 |     8 |     5 |    12 |     2 |     2 ||    36
         Potion            |       |     1 |     4 |     4 |     1 |    12 |     2 ||    24
 Armour: Scale mail        |    33 |    21 |       |       |       |       |       ||    54
         Chain mail        |       |    19 |       |       |       |       |       ||    19
         Plate armour      |       |    35 |   169 |   215 |    24 |       |       ||   443
         Skin              |       |     1 |       |       |       |       |       ||     1
         Crystal plate arm |       |       |       |       |   522 |  1207 |   134 ||  1863
  Dodge: Dodged            |    43 |    58 |    58 |   153 |   232 |   818 |   169 ||  1531
  Block: Buckler           |    16 |    23 |    46 |    90 |    53 |       |       ||   228
         Kite shield       |       |       |       |       |   382 |  1186 |   201 ||  1769

Table legend:
 A = Non-vault XP
 B = Vault XP
 C = Vault XP percentage of total XP
 D = Non-vault monster count
 E = Vault monster count
 F = Vault count percentage of total count
                 A         B        C        D         E       F
            +---------+---------+-------+---------+---------+-------
      Total |  242509 |  103629 |  29.9 |     800 |     318 |  28.4
            +---------+---------+-------+---------+---------+-------
        D:1 |      36 |       0 |   0.0 |      21 |       0 |   0.0
        D:2 |      63 |      37 |  37.0 |      18 |       1 |   5.3
        D:3 |      34 |      11 |  24.4 |      15 |       4 |  21.1
        D:4 |     328 |     258 |  44.0 |      22 |       3 |  12.0
        D:5 |     451 |     467 |  50.9 |      11 |      10 |  47.6
        D:6 |    1224 |       0 |   0.0 |      23 |       0 |   0.0
        D:7 |     831 |     838 |  50.2 |      18 |       2 |  10.0
        D:8 |     264 |     462 |  63.6 |       8 |       1 |  11.1
        D:9 |    1149 |     130 |  10.2 |      23 |       2 |   8.0
       D:10 |    2260 |     492 |  17.9 |      16 |       2 |  11.1
       D:11 |    2669 |     951 |  26.3 |      17 |       3 |  15.0
       D:12 |    6056 |    1740 |  22.3 |      31 |       5 |  13.9
       D:13 |   10644 |    9823 |  48.0 |      19 |      13 |  40.6
       D:14 |    9342 |       0 |   0.0 |      25 |       0 |   0.0
       D:15 |    7044 |    9158 |  56.5 |      14 |      37 |  72.5
     Lair:1 |    7312 |     356 |   4.6 |      25 |       2 |   7.4
     Lair:2 |    5714 |       0 |   0.0 |      17 |       0 |   0.0
     Lair:3 |    7967 |    1273 |  13.8 |      22 |       7 |  24.1
     Lair:4 |    3716 |       0 |   0.0 |      11 |       0 |   0.0
     Lair:5 |   18604 |   10295 |  35.6 |      46 |      23 |  33.3
   Shoals:1 |   16151 |    3498 |  17.8 |      33 |       5 |  13.2
   Shoals:2 |   16401 |       0 |   0.0 |      39 |       0 |   0.0
   Shoals:3 |   16588 |    1334 |   7.4 |      32 |       1 |   3.0
   Shoals:4 |   10008 |   26759 |  72.8 |      22 |      43 |  66.2
   Spider:1 |   17863 |       0 |   0.0 |      50 |       0 |   0.0
   Spider:2 |    5300 |       0 |   0.0 |       9 |       0 |   0.0
   Spider:3 |   18908 |    3734 |  16.5 |      45 |      11 |  19.6
      Orc:1 |    4575 |    9216 |  66.8 |      25 |      48 |  65.8
      Orc:2 |    3821 |   10442 |  73.2 |      43 |      68 |  61.3
   Vaults:1 |     629 |    3450 |  84.6 |       1 |       6 |  85.7
    Abyss:3 |   46557 |    5572 |  10.7 |      99 |       6 |   5.7
   Gauntlet |       0 |    3333 | 100.0 |       0 |      15 | 100.0
            +---------+---------+-------+---------+---------+-------
